 Dungeon Crawl Stone Soup version 0.27-a0-475-g4587593e40 (webtiles) character file.

Game seed: 18380190532188876501

178 Chiseanne the Magician (level 5, 36/36 HPs)
             Began as a Demonspawn Hedge Wizard on Mar 1, 2021.
             Quit the game on level 1 of the Abyss.
             The game lasted 00:05:05 (2559 turns).

Chiseanne the Magician (Demonspawn Hedge Wizard)    Turns: 2559, Time: 00:05:06

Health: 36/36      AC:  3    Str: 10    XL:     5   Next: 32%
Magic:  11/11      EV: 12    Int: 16    God:
Gold:   39         SH:  0    Dex: 13    Spells: 6/12 levels left

rFire    . . .     SeeInvis .   a - +3 hand axe (venom)
rCold    . . .     Faith    .   (no shield)
rNeg     . . .     Spirit   .   b - +0 robe
rPois    .         Reflect  .   c - +0 hat
rElec    .         Harm     .   (no cloak)
rCorr    .         Rampage  .   (no gloves)
Will     .....                  (no boots)
Stlth    ++........             (no amulet)
HPRegen  0.12/turn              e - ring of flight
MPRegen  0.12/turn              (no ring)

@: no status effects
A: rugged brown scales 1, spiny 1, demonic magic 2
a: Evoke Flight


You were on level 1 of the Abyss.
You visited 1 branch of the dungeon, and saw 2 of its levels.
You visited the Abyss 1 time.

You collected 39 gold pieces.

Inventory:

Hand Weapons
 a - a +3 hand axe of venom (weapon)
Missiles
 f - 58 arrows
 k - 6 stones
 l - 2 throwing nets
 r - 24 bolts
Armour
 b - a +0 robe (worn)
 c - a +0 hat (worn)
 j - a +0 helmet
Jewellery
 e - a ring of flight (left hand)
Scrolls
 h - a scroll of teleportation {unknown}
Potions
 d - a potion of ambrosia {unknown}
 g - a potion of lignification
 i - a potion of flight {unknown}
 q - a potion of attraction {unknown}


   Skills:
 - Level 1.7 Dodging
 - Level 1.7 Stealth
 * Level 4.3 Spellcasting
 * Level 3.4 Conjurations
 - Level 1.0 Summonings
 - Level 0.8 Translocations
 * Level 1.4 Air Magic


You had 6 spell levels left.
You knew the following spells:

 Your Spells              Type           Power        Failure   Level
a - Magic Dart            Conj           56%          4%          1
b - Blink                 Tloc           N/A          17%         2
d - Mephitic Cloud        Conj/Pois/Air  8%           26%         3

Your spell library contained the following spells:

 Spells                   Type           Power        Failure   Level
 Call Imp                 Summ           6%           16%         2
 Conjure Flame            Conj/Fire      9%           24%         3
 Slow                     Hex            3%           26%         2


Dungeon Overview and Level Annotations

Branches:
Dungeon (2/15)

Altars:
Dithmenos

Annotations:
D:2 Crazy Yiuf


Innate Abilities, Weirdness & Mutations

You are partially covered in rugged brown scales. (AC +1, +3% HP)
You are partially covered in sharp spines.
Spells you cast may paralyse nearby enemies.


Message History

[Y]es or [N]o only, please.
That beam is likely to hit you.
Continue anyway? [Y]es or [N]o only, please.
That beam is likely to hit you.
Continue anyway?
Okay, then.
k - 6 stones (gained 1)
Things that are here:
a +0 dagger; a kobold corpse
h - a scroll labelled DESMUGUHER
Things that are here:
a +0 dagger; a kobold corpse
There is a stone staircase leading down here.
You see here 2 potions of degeneration.
Okay, then.
Really quaff the potion of lignification?
You turn into a tree.
Your +0 hat melds into your body.
Your +0 robe melds into your body.
Your roots penetrate the ground.
You open the door.
Casting: Magic Dart (safe; 4% risk of failure)
Confirm with . or Enter, or press ? or * to list all spells.
Aiming: Magic Dart (safe; 4% risk of failure)
Press: ? - help, Shift-Dir - straight line, f - Crazy Yiuf
Aim: Crazy Yiuf, wielding a +2 quarterstaff of chaos and wearing a +2 cloak of preservation (wandering, hasn't noticed you, 0% to evade)
The magic dart hits Crazy Yiuf.
Crazy Yiuf is lightly wounded.
Crazy Yiuf shouts!
Malevolent energies surge around you. Crazy Yiuf hits you but does no damage.
You are cast into the Abyss!
To return, you must find a gate leading back.
Killing monsters will force the Abyss to allow you passage.
This branch contains the abyssal rune of Zot.
You cannot move.
As you close the door, it creaks loudly!
You start waiting.
Your transformation is almost over.
You start waiting.
You feel less wooden.
Your +0 hat unmelds from your body.
Your +0 robe unmelds from your body.
A sixfirhy comes into view.
Are you sure you want to abandon this character and quit the game? (Confirm with "yes".)

.#. . .. .. #.. ...
.. .. .#### ##
..##3#..###.#
#......#...♣♣
....#@..♣.♣♣♣ .
#...#...♣.♣♣♣ ##...
#...####..#.♣..♣#...#
.... #.#..♣♣♣♣.+...#
### #...#.♣ ♣ #.....
#.#..♣♣♣ #.# . ##...
.. #### #


You could see a sixfirhy (wandering).

Vanquished Creatures
  A water moccasin (D:2)
  3 adders (D:2)
  2 worms (D:2)
  A dart slug (D:2)
  3 leopard geckos
  6 bats
  2 giant cockroaches (D:2)
  10 goblins
  A hobgoblin (D:2)
  4 frilled lizards
  4 kobolds
  6 rats
43 creatures vanquished.

Notes
Turn   | Place    | Note
-------+----------+-------------------------------------------
     0 | D:1      | Chiseanne the Demonspawn Hedge Wizard began the quest for
                  | the Orb.
     0 | D:1      | Reached XP level 1. HP: 13/13 MP: 4/4
   302 | D:1      | Gained mutation: Spells you cast may paralyse adjacent
                  | enemies. [demonic ancestry]
   302 | D:1      | Reached XP level 2. HP: 19/19 MP: 1/6
  1008 | D:2      | Gained mutation: You are partially covered in rugged brown
                  | scales. (AC +1, +3% HP) [demonic ancestry]
  1008 | D:2      | Reached XP level 3. HP: 19/24 MP: 1/8
  1653 | D:2      | Gained mutation: You are partially covered in sharp spines.
                  | [demonic ancestry]
  1653 | D:2      | Reached XP level 4. HP: 30/30 MP: 6/9
  1739 | D:2      | Found a shadowy altar of Dithmenos.
  1782 | D:2      | Found a runed translucent door.
  1786 | D:2      | Learned a level 2 spell: Blink
  1790 | D:2      | Learned a level 3 spell: Mephitic Cloud
  1790 | D:2      | Noticed Crazy Yiuf
  1826 | D:2      | Noticed a water moccasin
  1905 | D:2      | Killed a water moccasin
  1906 | D:2      | Reached skill level 4 in Spellcasting
  1906 | D:2      | Reached skill level 1 in Air Magic
  1906 | D:2      | Gained mutation: Spells you cast may paralyse nearby
                  | enemies. [demonic ancestry]
  1906 | D:2      | Reached XP level 5. HP: 23/36 MP: 4/11
  2501 | D:2      | Cast into level 1 of the Abyss (Crazy Yiuf)
  2557 | Abyss:1  | Noticed a sixfirhy
  2559 | Abyss:1  | Quit the game

Illustrated notes

Levels and vault maps discovered:
D:1:      lemuel_arrival_room, layout_rooms, minmay_ruptured
D:2:      layout_loops_ring, grunt_dithmenos_smoke_and_mirrors,
          uniq_crazy_yiuf_cottage
Abyss:1:  base:
D:2

Skill      XL: |  1  2  3  4 |
---------------+-------------+-----
Conjurations   | 2 3 |  3.4
Spellcasting   | 4 |  4.3
Air Magic      | 1 |  1.4
Dodging        | |  1.7
Stealth        | |  1.7
Summonings     | |  1.0
Translocations | |  0.8

Action                   |  1- 3 |  4- 6 || total
-------------------------+-------+-------++-------
Melee: Dagger            |     7 |       ||     7
       Hand axe          |       |     2 ||     2
 Cast: Magic Dart        |    91 |    22 ||   113
  Use: Scroll            |       |     5 ||     5
       Potion            |       |     1 ||     1
 Stab: Paralysed         |     3 |     2 ||     5
       Sleeping          |     1 |       ||     1
Armor: Robe              |     5 |       ||     5
       Skin              |       |     1 ||     1
Dodge: Dodged            |     6 |     1 ||     7

Table legend: (Time is in decaauts)
 A = Elapsed time spent in this place.
 B = Non-inter-level travel time spent in this place.
 C = Inter-level travel time spent in this place.
 D = Time resting spent in this place.
 E = Time spent auto-exploring this place.
 F = Levels seen in this place.
 G = Mean time per level.
                   A        B        C        D        E       F      G
               +--------+--------+--------+--------+--------+-----+--------+
         Total |   2557 |   2557 |      0 |   1095 |   1186 |   3 |  852.3 |
       Dungeon |   2499 |   2499 |      0 |   1048 |   1186 |   2 | 1249.5 |
         Abyss |     57 |     57 |      0 |     47 |      0 |   1 |   57.0 |
               +--------+--------+--------+--------+--------+-----+--------+

Top non-repeatable levels by time:
     D:2: 1675 daAuts
     D:1: 824 daAuts
 Abyss:1: 57 daAuts
